 Dungeon Crawl Stone Soup version 0.30-a0-840-ga523dec638 (webtiles) character file.

Game seed: 15874854825177088020

1755 zenocrate the Insei (level 9, -5/63 HPs)
             Began as an Octopode Transmuter on Mar 1, 2023.
             Was a Follower of the Shining One.
             Slain by hgbash's ghost (14 damage)
             ... on level 6 of the Dungeon.
             The game lasted 00:07:46 (7262 turns).

zenocrate the Insei (Octopode Transmuter)           Turns: 7262, Time: 00:07:47

Health: -5/63      AC: 13    Str:  9    XL:     9   Next: 6%
Magic:  12/12      EV: 10    Int: 19    God:    the Shining One [*.....]
Gold:   332        SH:  0    Dex: 13    Spells: 2/12 levels left

rFire   x . .      SeeInvis .      - Unarmed
rCold   + + +      Faith    .    (shield currently unavailable)
rNeg    . . .      Spirit   .    (helmet currently unavailable)
rPois   +          Reflect  .    n - amulet of the acrobat
rElec   .          Harm     .    y - +4 ring of protection
rCorr   .          Rampage  .    b - ring of ice
Will    .....                    D - ring of fire
Stlth   +                        (no ring)
HPRegen 0.30/turn                (no ring)
MPRegen 0.13/turn                (no ring)
                                 (no ring)
                                 (no ring)

@: ice-form, wereblooded, glowing
A: freezing attack, boosted hp, almost no armour, amphibious, 8 rings, large,
(camouflage 1), (gelatinous body 1), (nimble swimmer 1), (tentacles)
a: End Transformation, Renounce Religion, Divine Shield


You were on level 6 of the Dungeon.
You worshipped the Shining One.
The Shining One was aware of your devotion.
You were a creature of crystalline ice.
You visited 2 branches of the dungeon, and saw 7 of its levels.
You also visited: Sewer.

You collected 332 gold pieces.

Inventory:

Hand Weapons
 a - a +0 longbow
Jewellery
 b - a ring of ice (right front paw)
 n - an amulet of the acrobat (around neck)
 y - a +4 ring of protection (left front paw)
 D - a ring of fire (on tentacle)
Wands
 C - a wand of paralysis (17)
Scrolls
 g - a scroll of amnesia {unknown}
 i - 2 scrolls of immolation
 j - 5 scrolls of teleportation
 l - a scroll of poison {unknown}
 m - a scroll of fear {unknown}
 t - a scroll of summoning {unknown}
 u - a scroll of torment {unknown}
 v - a scroll of fog {unknown}
 w - a scroll of enchant weapon {unknown}
 x - 2 scrolls of noise {unknown}
 B - a scroll of silence {unknown}
 E - a scroll of blinking {unknown}
Potions
 c - 2 potions of flight
 d - a potion of resistance
 e - a potion of attraction
 f - a potion of heal wounds
 h - a potion of ambrosia {unknown}
 k - a potion of berserk rage {unknown}
 o - a potion of brilliance {unknown}
 p - a potion of cancellation
 q - 2 potions of magic
 r - 2 potions of haste {unknown}
 s - a potion of mutation {unknown}
 z - a potion of curing {unknown}
 A - a potion of invisibility {unknown}


   Skills:
 - Level 1.0 Fighting
 - Level 2.0 Dodging
 - Level 1.0 Stealth
 + Level 7.7 Unarmed Combat
 - Level 2.0 Spellcasting
 + Level 7.3 Transmutations
 - Level 4.9 Ice Magic


You had 2 spell levels left.
You knew the following spells:

 Your Spells              Type           Power      Damage    Failure   Level
a - Wereblood             Tmut           29%        N/A       1%          2
b - Ice Form              Ice/Tmut       37%        N/A       14%         4
c - Beastly Appendage     Tmut           58%        N/A       1%          1
d - Swiftness             Air            1%         N/A       45%         3

Your spell library contained the following spells:

 Spells                   Type           Power      Damage    Failure   Level
 Passwall                 Tmut/Erth      12%        N/A       5%          2
 Magic Dart               Conj           4%         1d3       17%         1
 Sandblast                Erth           2%         2d4       17%         1
 Shock                    Conj/Air       4%         1d3       17%         1
 Call Imp                 Summ           1%         N/A       26%         2
 Spider Form              Tmut/Pois      15%        N/A       11%         3
 Mephitic Cloud           Conj/Pois/Air  1%         N/A       45%         3
 Stone Arrow              Conj/Erth      2%         3d7       45%         3
 Airstrike                Air            0%         2d(1-17)  86%         4


Dungeon Overview and Level Annotations

Branches:
Dungeon (6/15)             Temple (1/1) D:5           Sewer (visited)

Altars:
Ashenzari
Cheibriados
Elyvilon
Fedhas
Gozag
Makhleb
Nemelex Xobeh
Okawaru
Qazlal
Ru
Trog
Uskayaw
Xom
Yredelemnul
Zin
The Shining One

Shops:
D:2 (   D:6 (

Annotations:
D:6 hgbash's ghost, novice OgBe


Innate Abilities, Weirdness & Mutations

You are a creature of crystalline ice.
You have a powerful freezing melee attack.
Your maximum health is increased.
Your armour is entirely melded.
You are incapable of wielding weapons or throwing items.
You cannot wear most types of armour.
You are amphibious.
You can wear up to eight rings at the same time.
((Your skin changes colour to match your surroundings (Stealth+).))
((Your rubbery body absorbs attacks. (AC +1, EV +1)))
((You are camouflaged when in or above water. (Stealth+)))
((You have tentacles for arms and can constrict up to eight enemies at once.))


Message History

You barely miss hgbash's ghost.
Hgbash's ghost is heavily damaged.
Hgbash's ghost hits you.
You punch hgbash's ghost! You freeze hgbash's ghost.
Hgbash's ghost is heavily damaged.
You hit hgbash's ghost but do no damage.
Hgbash's ghost is heavily damaged.
Hgbash's ghost hits you but does no damage.
You hit hgbash's ghost but do no damage.
Hgbash's ghost is heavily damaged.
Hgbash's ghost hits you!
You punch hgbash's ghost! You freeze hgbash's ghost.
Hgbash's ghost is severely damaged.
Hgbash's ghost hits you but does no damage.
You punch hgbash's ghost! You freeze hgbash's ghost.
Hgbash's ghost is severely damaged.
Hgbash's ghost hits you!
* * * LOW HITPOINT WARNING * * *
It was a potion of magic.
Magic courses through your body. Hgbash's ghost barely misses you.
Aiming: Paralyse
Press: ? - help, Shift-Dir - straight line, f - hgbash's ghost
Aim: hgbash's ghost (severely damaged, haloed, chance to affect: 21%)
Okay, then.
You feel much better.
Hgbash's ghost hits you but does no damage.
You completely miss hgbash's ghost.
Hgbash's ghost is severely damaged.
Hgbash's ghost hits you!!
* * * LOW HITPOINT WARNING * * *
You punch hgbash's ghost! You freeze hgbash's ghost.
Hgbash's ghost is almost destroyed.
Hgbash's ghost hits you! The Shining One protects you from harm!
You hit hgbash's ghost.
Hgbash's ghost is almost destroyed.
You hit hgbash's ghost.
Hgbash's ghost is almost destroyed.
Hgbash's ghost hits you!
You die...

.#..#.......####......##..# #.#
...##......## #.....#..#..# #.#
..####..##.# #....###...## #.#
..## #####>####..#.# ##...####.#
##.######.###...##.# ##....##.#
###............##.## #.####...#
##...........##..####.# #...##
#####...###.............## #.##.#
≈≈≈≈##.## #.....Y.....##.###.####
§≈≈§≈### #..####W''#####...##
≈≈≈§≈# #..##.(....8# ##..## #
≈∩≈§≈### #.###....(..# ##...####
§.≈≈§#.####.###.?(....###.##.....
§§≈§≈#.......##.....((#..###..##.
§§§≈####...#..#.(.(...#.## #.####
#§###..##..############## #..#
.......##..# #....# #.####..#


You could see hgbash's ghost.

Vanquished Creatures
  4 water moccasins
  2 black bears (D:4)
  2 ogres
  A centaur (D:5)
  A phantom (D:5)
  A kobold brigand (Sewer)
  Blork the orc (D:6)
  A necrophage (D:5)
  A scorpion (D:6)
  A water moccasin zombie (D:5)
  A howler monkey (D:4)
  A bullfrog zombie (D:5)
  A hound (D:5)
  A jelly (D:5)
  2 orc priests (D:5)
  2 scorpion zombies (D:5)
  An iguana (D:6)
  2 orc wizards (D:5)
  10 adders
  A white imp (D:5)
  An adder zombie (D:5)
  A worm (D:2)
  4 dart slugs
  13 orcs
  6 bats
  8 endoplasms
  7 giant cockroaches
  13 hobgoblins
  2 jackals (D:4)
  17 kobolds
  3 quokkas (D:1)
  6 ball pythons
  3 frilled lizards
  6 goblins
  5 rats
132 creatures vanquished.

Vanquished Creatures (others)
  A plant (Sewer)
1 creature vanquished.

Grand Total: 133 creatures vanquished

Notes
Turn   | Place    | Note
-------+----------+-------------------------------------------
     0 | D:1      | zenocrate the Octopode Transmuter began the quest for the
                  | Orb.
     0 | D:1      | Reached XP level 1. HP: 13/13 MP: 3/3
    71 | D:1      | Reached skill level 1 in Stealth
   188 | D:1      | Reached XP level 2. HP: 16/18 MP: 3/5
   191 | D:1      | Learned a level 2 spell: Wereblood
   717 | D:1      | Reached XP level 3. HP: 18/23 MP: 2/6
  1502 | D:2      | Reached XP level 4. HP: 25/28 MP: 3/7
  1574 | D:2      | Found Joywn's Antique Weapon Shop.
  1641 | D:2      | Learned a level 4 spell: Ice Form
  1782 | D:2      | Reached skill level 1 in Ice Magic
  2018 | D:3      | Found a glowing drain.
  2032 | Sewer    | Entered a sewer
  2298 | Sewer    | Noticed a kobold brigand
  2313 | Sewer    | Killed a kobold brigand
  2314 | Sewer    | Reached XP level 5. HP: 10/33 MP: 5/8
  3459 | D:4      | Reached XP level 6. HP: 38/38 MP: 9/9
  3524 | D:4      | Noticed a black bear
  3531 | D:4      | Killed a black bear
  3705 | D:4      | Noticed a black bear
  3711 | D:4      | Killed a black bear
  3712 | D:4      | Reached skill level 5 in Unarmed Combat
  3713 | D:4      | Reached XP level 7. HP: 37/43 MP: 6/10
  4312 | D:5      | Entered Level 5 of the Dungeon
  4359 | D:5      | Reached skill level 5 in Transmutations
  4686 | D:5      | Found a staircase to the Ecumenical Temple.
  4700 | Temple   | Entered the Ecumenical Temple
  4867 | Temple   | Became a worshipper of the Shining One
  4897 | D:5      | Reached XP level 8. HP: 44/48 MP: 8/11
  5124 | D:5      | Found a bloodstained altar of Trog.
  5149 | D:5      | Found a shimmering altar of Xom.
  5594 | D:5      | Found a basalt altar of Yredelemnul.
  5813 | D:6      | Found Kets's Weapon Boutique.
  6062 | D:6      | Noticed Blork the orc
  6069 | D:6      | Killed Blork the orc
  6128 | D:6      | Learned a level 3 spell: Swiftness
  6160 | D:6      | Reached * piety under the Shining One
  6239 | D:6      | Found a hide-covered altar of Uskayaw.
  6387 | D:6      | Found a runed translucent gate.
  6388 | D:6      | Found a runed translucent gate.
  6390 | D:6      | Found a runed translucent gate.
  6392 | D:6      | Noticed hgbash's ghost (novice OgBe)
  6650 | D:6      | Reached XP level 9. HP: 53/53 MP: 8/12
  7260 | D:6      | The Shining One protects you from harm!
  7262 | D:6      | Slain by hgbash's ghost

Illustrated notes

Levels and vault maps discovered:
D:1:      erik_arrival_blinker_ship, layout_loops_corners, supply_closet_lemuel,
          chequers_serial_rivers_large_a
D:2:      kb_forest_paths, layout_rooms, serial_shops,
          nicolae_shop_advertising_works [nicolae_subvault_shop_adworks]
D:3:      layout_loops_ring, cheibrodos_sewer_entry_drain
D:4:      layout_loops_cross
D:5:      layout_basic, mainiacjoe_overflow_two_lobes,
          nicolae_yredelemnul_corpse_copse, minmay_temple_entry_proselytizer
D:6:      layout_layer_cave, nicolae_uskayaw_suspiria, serial_shops,
          nicolae_stop_n_shop_2, ebering_ghost_rock_garden,
          kennysheep_flooded_box, uniq_blork_the_orc
Temple:   hellmonk_temple_forest_ring

Skill      XL: |  1  2  3  4  5  6  7  8 |
---------------+-------------------------+-----
Stealth        | 1 |  1.0
Transmutations | 3 4 5 7 |  7.3
Unarmed Combat | 4 5 6 7 |  7.7
Ice Magic      | 2 3 4 |  4.9
Fighting       | |  1.0
Dodging        | |  2.0
Spellcasting   | |  2.0

Action                     |  1- 3 |  4- 6 |  7- 9 || total
---------------------------+-------+-------+-------++-------
  Melee: Unarmed           |    70 |    97 |   132 ||   299
         Kick              |    24 |    38 |    35 ||    97
         Constrict         |    20 |    34 |    24 ||    78
         Tentacles         |     9 |    18 |    33 ||    60
         Punch             |     3 |     3 |     5 ||    11
   Fire: Longbow           |       |     4 |     3 ||     7
   Cast: Beastly Appendage |    20 |    29 |    19 ||    68
         Wereblood         |    13 |    25 |    23 ||    61
         Ice Form          |       |       |     6 ||     6
    Use: Scroll            |       |     6 |     1 ||     7
         Potion            |       |     3 |     6 ||     9
   Stab: Sleeping          |     3 |     1 |     2 ||     6
 Armour: Skin              |     4 |    13 |    12 ||    29
  Dodge: Dodged            |    48 |    63 |    67 ||   178

Table legend: (Time is in decaauts)
 A = Elapsed time spent in this place.
 B = Non-inter-level travel time spent in this place.
 C = Inter-level travel time spent in this place.
 D = Time resting spent in this place.
 E = Time spent auto-exploring this place.
 F = Levels seen in this place.
 G = Mean time per level.
                   A        B        C        D        E       F      G
               +--------+--------+--------+--------+--------+-----+--------+
         Total |   7232 |   7141 |     91 |    102 |   6068 |   8 |  904.0 |
       Dungeon |   6410 |   6353 |     57 |      2 |   5493 |   6 | 1068.3 |
        Temple |    185 |    151 |     34 |      0 |    139 |   1 |  185.0 |
         Sewer |    635 |    635 |      0 |    100 |    436 |   1 |  635.0 |
               +--------+--------+--------+--------+--------+-----+--------+

Top non-repeatable levels by time:
     D:6: 1442 daAuts
     D:5: 1305 daAuts
     D:1: 1064 daAuts
     D:2: 894 daAuts
     D:4: 866 daAuts
     D:3: 836 daAuts
   Sewer: 635 daAuts
  Temple: 185 daAuts
